Map: Ascension to Aiur LE

Players

RiSky - Winner!

  • Race: Zerg Zerg
  • League: Master
  • Spawn Location: 11:00

Smile

  • Race: Terran Terran
  • League: Master
  • Spawn Location: 5:00

VOD

Have the link to the VOD?

Description

Time

  • Played on: Nov. 17, 2017, 6:28 p.m.
  • Length: 11:14
Show
View Real Time Build Order
Export as new Build Order

RiSky Zerg - Winner!

Build Orders: Hatch First 

Get SALT Encoding   

  12  0:01  Drone  
  13  0:13  Overlord  
  13  0:17  Drone  
  14  0:31  Drone x2  
  14  0:35  Drone  
  17  0:52  Hatchery  
  17  0:54  Drone  
  17  0:57  Drone  
  18  1:08  Extractor  
  17  1:12  Spawning Pool  
  17  1:15  Drone  
  17  1:19  Drone  
  18  1:28  Drone  
  19  1:39  Overlord  
  19  1:50  Drone  
  20  1:58  Queen  
  20  2:00  Zergling x2  
  23  2:03  Queen  
  23  2:04  Zergling x2  
  26  2:09  Metabolic Boost  
  26  2:11  Drone  
  26  2:15  Drone  
  28  2:23  Drone  
  28  2:25  Drone  
  30  2:35  Hatchery  
  29  2:37  Drone  
  29  2:38  Drone  
  31  2:45  Overlord  
  31  2:47  Drone  
  32  2:54  Drone  
  34  2:58  Drone  
  34  3:05  Drone  
  35  3:09  Drone  
  35  3:10  Drone  
  35  3:12  Drone x2  
  39  3:15  Drone  
  39  3:17  Drone x2  
  39  3:19  Overlord  
  42  3:22  Drone  
  43  3:28  Drone  
  44  3:35  Overlord  
  44  3:37  Queen x2  
  44  3:38  Zergling x2  
  49  3:43  Zergling x2  
  49  3:44  Zergling x4  
  49  3:47  Drone  
  53  3:49  Drone  
  53  3:51  Drone x2  
  53  3:53  Drone x2  
  53  3:54  Queen  
  60  3:58  Drone  
  60  3:59  Drone  
  62  4:08  Overlord  
  62  4:13  Queen x2  
  66  4:23  Overlord  
  66  4:30  Zergling x2  
  65  4:37  Overlord  
  65  4:40  Evolution Chamber  
  65  4:41  Evolution Chamber, Queen  
  65  4:44  Overlord, Drone  
  66  4:46  Drone  
  66  4:48  Overlord, Drone  
  66  4:52  Drone x2  
  70  4:53  Queen  
  70  4:55  Queen, Drone x2  
  70  4:56  Drone x5  
  81  5:00  Overlord  
  81  5:08  Zerg Missile Weapons Level 1, Zerg Melee Weapons Level 1  
  81  5:09  Drone  
  82  5:15  Drone x5  
  82  5:18  Queen  
  82  5:19  Overlord  
  82  5:20  Drone  
  90  5:24  Overlord  
  90  5:27  Drone x2  
  92  5:28  Drone x2  
  92  5:29  Extractor  
  92  5:30  Extractor x3  
  92  5:31  Queen, Drone  
  92  5:33  Drone  
  92  5:35  Drone x2  
  95  5:37  Drone  
  95  5:38  Lair  
  95  5:42  Spore Crawler  
  96  5:43  Drone  
  96  5:45  Drone  
  96  5:47  Drone  
  99  5:51  Drone  
  100  5:57  Drone x4  
  100  6:02  Drone  
  100  6:04  Overlord  
  105  6:07  Drone x2  
  105  6:08  Drone  
  105  6:11  Hatchery  
  106  6:12  Drone x2  
  106  6:15  Drone  
  106  6:16  Drone  
  106  6:18  Drone  
  111  6:21  Extractor  
  111  6:24  Baneling Nest, Drone  
  110  6:26  Hatchery  
  110  6:29  Zergling x12  
  114  6:36  Zergling x2  
  114  6:39  Overlord  
  115  6:43  Hydralisk Den  
  115  6:44  Drone  
  115  6:45  Infestation Pit  
  115  6:46  Drone  
  115  6:47  Overlord  
  113  6:49  Drone  
  113  6:52  Drone  
  113  6:53  Drone  
  113  6:54  Drone  
  117  6:56  Overlord  
  117  6:57  Drone x2  
  119  7:02  Overlord  
  119  7:05  Overlord  
  119  7:07  Centrifical Hooks  
  119  7:17  Hydralisk  
  119  7:19  Hydralisk x6  
  132  7:23  Hydralisk  
  132  7:24  Zerg Melee Weapons Level 2, Zerg Missile Weapons Level 2  
  133  7:30  Hydralisk x3  
  133  7:31  Hydralisk x2  
  143  7:43  Extractor, Hydralisk x4  
  150  7:45  Overlord x2  
  150  7:48  Extractor  
  150  7:50  Hydralisk x3  
  155  7:52  Zergling x12  
  155  7:56  Hydralisk x2  
  155  7:57  Zergling x2  
  166  8:04  Overlord, Hatchery  
  165  8:06  Overlord  
  165  8:09  Overlord  
  165  8:14  Overlord  
  165  8:18  Hive  
  165  8:21  Overlord  
  165  8:26  Zergling x2  
  167  8:27  Zergling x22  
  167  8:31  Hydralisk x3  
  167  8:32  Hydralisk  
  179  8:42  Hatchery  
  179  8:46  Zergling x18  
  179  8:47  Zergling x4  
  179  8:48  Baneling x5  
  189  8:49  Baneling  
  189  8:51  Pneumatized Carapace  
  189  8:57  Spine Crawler x2  
  189  9:01  Spine Crawler  
  186  9:28  Evolution Chamber  
  186  9:31  Viper x5  
  185  9:34  Adrenal Glands  
  200  9:44  Spine Crawler  
  199  9:45  Spine Crawler  
  199  9:52  Muscular Augments  
  196  9:53  Extractor  
  196  9:54  Extractor  
  192  10:25  Baneling x8  
  192  10:26  Baneling x9  
  189  10:35  Hydralisk  
  189  10:36  Hydralisk x8  
Show
View Real Time Build Order
Export as new Build Order

Smile Terran 

Build Orders: Reaper Expand, Mech 

Get SALT Encoding   

  12  0:00  SCV  
  13  0:13  SCV  
  14  0:17  Supply Depot  
  14  0:25  SCV  
  15  0:39  SCV  
  15  0:40  Barracks  
  16  0:46  Refinery  
  16  0:51  SCV  
  17  1:03  SCV  
  18  1:15  SCV  
  19  1:28  Orbital Command  
  19  1:29  Reaper  
  20  1:46  Command Center  
  20  1:55  Supply Depot  
  20  1:58  SCV  
  21  2:01  Marine  
  22  2:08  Factory  
  22  2:12  SCV  
  23  2:25  Barracks Reactor  
  23  2:27  SCV  
  23  2:29  Refinery  
  24  2:39  SCV  
  25  2:51  SCV  
  26  2:58  Starport  
  26  3:00  Orbital Command  
  26  3:03  SCV  
  27  3:09  Hellion x2  
  31  3:15  Marine  
  32  3:20  Supply Depot, SCV  
  32  3:26  SCV  
  34  3:32  Hellion x2, Marine  
  39  3:38  SCV  
  39  3:40  Medivac  
  42  3:49  SCV  
  42  3:50  Marine  
  42  3:54  SCV  
  45  4:00  Hellion x2  
  49  4:04  Armory  
  49  4:05  Liberator, SCV  
  49  4:08  Marine  
  51  4:10  Supply Depot  
  51  4:14  SCV  
  52  4:19  SCV  
  56  4:37  SCV  
  57  4:39  Command Center  
  57  4:42  Hellion  
  57  4:45  Supply Depot  
  59  4:46  Hellion  
  60  4:58  SCV  
  60  4:59  Barracks Tech Lab  
  61  5:01  SCV  
  62  5:10  SCV  
  63  5:17  SCV  
  64  5:22  Armory, SCV  
  64  5:24  Refinery  
  64  5:25  Refinery  
  65  5:33  Hellion x2  
  65  5:34  Barracks Reactor  
  65  5:35  SCV  
  70  5:37  Barracks Tech Lab  
  70  5:38  Factory  
  70  5:39  SCV  
  70  5:40  Factory  
  70  5:41  Hellion x4  
  71  5:47  SCV  
  72  5:51  SCV  
  71  5:59  SCV x2  
  71  6:04  Hellion x2, Starport Reactor  
  77  6:06  SCV  
  78  6:11  SCV  
  78  6:18  Refinery  
  76  6:19  Refinery  
  76  6:22  SCV  
  77  6:29  SCV  
  77  6:30  Terran Vehicle And Ship Armor Level 1, Terran Vehicle Weapons Level 1  
  77  6:31  Thor  
  77  6:32  Hellion  
  88  6:40  Hellion  
  88  6:42  Hellbat  
  88  6:43  SCV  
  88  6:49  Supply Depot  
  84  6:55  Supply Depot, SCV  
  84  6:56  Orbital Command  
  84  6:57  SCV  
  86  7:06  Hellion x2  
  86  7:07  SCV  
  89  7:17  SCV  
  89  7:20  SCV  
  89  7:22  Hellion x2  
  95  7:27  SCV  
  95  7:29  SCV  
  97  7:30  Hellion  
  97  7:31  Hellion  
  97  7:32  SCV  
  97  7:35  Factory  
  102  7:37  Factory  
  102  7:39  SCV  
  102  7:41  Infernal Pre-Igniter, SCV  
  104  7:45  SCV  
  104  7:48  Thor  
  104  7:49  Supply Depot  
  111  7:54  SCV  
  111  7:55  Medivac x2  
  116  8:02  Supply Depot, SCV  
  116  8:03  Engineering Bay  
  117  8:09  Supply Depot  
  117  8:10  Supply Depot, SCV, Siege Tank  
  117  8:19  SCV  
  117  8:20  Barracks Reactor  
  117  8:21  SCV  
  117  8:24  Hellion x3  
  124  8:27  SCV  
  124  8:31  SCV  
  124  8:34  SCV  
  127  8:36  Factory Tech Lab  
  127  8:37  Terran Vehicle Weapons Level 2, Terran Vehicle And Ship Armor Level 2  
  127  8:42  Siege Tank  
  127  8:47  Liberator  
  127  8:48  Siege Tank  
  133  8:49  Hellion x2  
  133  8:53  Supply Depot  
  133  8:54  Supply Depot  
  137  8:57  Siege Tank  
  144  9:06  Viking  
  145  9:10  Command Center  
  145  9:14  Siege Tank  
  145  9:16  Supply Depot  
  148  9:17  Supply Depot  
  148  9:24  Hellion x4  
  156  9:28  Supply Depot  
  156  9:30  Hellion, Siege Tank  
  161  9:45  Hellion x2  
  165  9:46  Siege Tank  
  165  9:52  Siege Tank  
  171  9:57  Hellion  
  165  10:02  Siege Tank  
  168  10:13  Hellion  
  170  10:19  Siege Tank  
  173  10:24  Hellion x2, Siege Tank  
  180  10:29  Hellion  
  180  10:34  Hellion, Siege Tank  
  159  10:45  Hellion  
Tags
 
Add a new tag
Caveats
  • Supply blocks, unpowered buildings, or Contaminate may cause inaccurate times.
  • Supply counts are checked every 10 seconds.